 Dungeon Crawl Stone Soup version 0.23.2-40-g277498a001 (webtiles) character file.

Game seed: 14888535184911830836

56 Devam the Magician (level 3, -3/21 HPs)
             Began as an Octopode Wizard on Sept 6, 2019.
             Slain by a gnoll
             ... wielding a +0 club
              (6 damage)
             ... on level 2 of the Dungeon.
             The game lasted 00:06:51 (1672 turns).

Devam the Magician (Octopode Wizard)                Turns: 1672, Time: 00:06:51

Health: -3/21      AC:  1    Str:  6    XL:     3   Next: 95%
Magic:  4/7        EV: 18    Int: 21    God:
Gold:   56         SH:  0    Dex: 15    Spells: 0/8 levels left

rFire    . . .     SeeInvis .   e - +0 whip
rCold    . . .     Gourm    .   (no shield)
rNeg     . . .     Faith    .   a - +0 hat
rPois    .         Spirit   .   (no amulet)
rElec    .         Reflect  .   (no ring)
rCorr    .         Harm     .   (no ring)
MR       .....                  (no ring)
Stlth    ++++......             (no ring)
HPRegen  0.07/turn              (no ring)
MPRegen  0.10/turn              (no ring)
                                (no ring)
                                (no ring)

@: agile
A: almost no armour, stealthy swim, amphibious, 8 rings, constrict 8, camouflage
1, gelatinous body 1
a: no special abilities


You were on level 2 of the Dungeon.
You were very hungry.

You visited 1 branch of the dungeon, and saw 2 of its levels.

You collected 56 gold pieces.

Inventory:

Hand Weapons
 e - a +0 whip (weapon)
Armour
 a - a +0 hat (worn)
Potions
 b - a potion of might {unknown}
 g - a potion of curing {@q1}
 h - 2 potions of ambrosia
Comestibles
 c - 2 rations


   Skills:
 - Level 2.0 Dodging
 - Level 2.6 Stealth
 - Level 3.0 Spellcasting
 + Level 2.7 Conjurations
 + Level 1.8 Summonings
 + Level 1.8 Translocations
 + Level 0.1 Fire Magic


You couldn't memorise any spells.
You knew the following spells:

 Your Spells              Type           Power        Failure   Level  Hunger
a - Magic Dart            Conj           ##..         4%          1    None
b - Blink                 Tloc           N/A          10%         2    ##.....
c - Call Imp              Summ           ##......     10%         2    ##.....
d - Conjure Flame         Conj/Fire      #.......     22%         3    ###....

Your spell library contained the following spells:

 Spells                   Type           Power        Failure   Level  Hunger
 Slow                     Hex            #.......     21%         2    ##.....
 Mephitic Cloud           Conj/Pois/Air  #.......     28%         3    ###....


Dungeon Overview and Level Annotations

Branches:
Dungeon (2/15)

Altars:

Annotations:
D:2 Robin


Innate Abilities, Weirdness & Mutations

You cannot wear most types of armour.
You are very stealthy in the water. (Stealth+)
You are amphibious.
You can wear up to eight rings at the same time.
You can use your tentacles to constrict eight enemies at once.
Your skin changes colour to match your surroundings (Stealth+).
Your rubbery body absorbs attacks. (AC +1, EV +1)


Message History

A gnoll comes into view. It is wielding a +0 club.
The gnoll hits you with a +0 halberd!
Ouch! That really hurt!
* * * LOW HITPOINT WARNING * * *
Things that are here:
a +0 spear; a gnoll corpse The gnoll hits you from afar with a +0 halberd.
* * * LOW HITPOINT WARNING * * *
Your shadow imp hits the gnoll.
Your shadow imp gestures at the gnoll.
The gnoll barely resists.
Your shadow imp barely misses the gnoll.
The gnoll misses your shadow imp.
You see here 21 stones.
Your shadow imp disappears in a puff of smoke!
As you read the scroll labeled AGEXKUI XOC KEJ, it crumbles to dust.
You feel blessed for a moment.
It was a scroll of remove curse.
You feel agile all of a sudden. The gnoll hits you with a +0 club.
You die...

..##.# #$. #..#.#.# #.#
##......# #.#### ...<#
#....# ###.g..# #.##.#
#.g.## #.##.# #.#gg#
##g##g# ..##.# #.g.#.#
## ### gg #.@.#.# ..#
#g #..##.###.## ##
#..#......$# #
#######.#### #. .#.#
#.# ##.#.#
#..####=..#(#
#..#....##5#
#####.>....##.#########


You could see 2 gnolls.

Vanquished Creatures
  An ooze (D:1)
  2 dart slugs (D:1)
  A leopard gecko (D:1)
  4 bats (D:1)
  2 giant cockroaches (D:1)
  6 hobgoblins (D:1)
  6 jackals (D:1)
  A ball python (D:1)
  A frilled lizard (D:1)
  4 goblins (D:1)
  4 kobolds (D:1)
  3 rats (D:1)
35 creatures vanquished.

Vanquished Creatures (collateral kills)
  A gnoll (D:2)
1 creature vanquished.

Grand Total: 36 creatures vanquished

Notes
Turn   | Place    | Note
-------+----------+-------------------------------------------
     0 | D:1      | Devam the Octopode Wizard began the quest for the Orb.
     0 | D:1      | Reached XP level 1. HP: 11/11 MP: 4/4
   185 | D:1      | Reached XP level 2. HP: 10/17 MP: 1/6
   327 | D:1      | Learned a level 2 spell: Blink
   330 | D:1      | Learned a level 2 spell: Call Imp
   829 | D:1      | Reached XP level 3. HP: 21/21 MP: 0/7
  1588 | D:1      | Learned a level 3 spell: Conjure Flame
  1589 | D:2      | Noticed Robin
  1640 | D:2      | HP: 1/21 [gnoll/+0 halberd (3)]
  1672 | D:2      | Slain by a gnoll

Skill      XL: |  1 |
---------------+----+-----
Conjurations   | 2 |  2.7
Dodging        | |  2.0
Stealth        | |  2.6
Spellcasting   | |  3.0
Summonings     | |  1.8
Translocations | |  1.8
Fire Magic     | |  0.1

Action                   || total
-------------------------++-------
Melee: Unarmed           ||    25
       Constrict         ||    12
       Tentacles         ||     6
       Whip              ||    14
 Cast: Magic Dart        ||    71
       Blink             ||     1
       Call Imp          ||     1
  Use: Scroll            ||     3
       Potion            ||     2
 Stab: Sleeping          ||     3
  Eat: Chunk             ||     1
Armor: Skin              ||     5
Dodge: Dodged            ||    38
